 Dungeon Crawl Stone Soup version 0.17.1-2-g5865329 (webtiles) character file.

1834409 namelastname112 the Unseen (level 27, 234/234 (238) HPs)
             Began as a Red Draconian Skald on Jan 9, 2016.
             Was an Initiate of Gozag.
             Escaped with the Orb
             ... and 4 runes on Jan 11, 2016!
             The game lasted 04:48:43 (108330 turns).

namelastname112 the Unseen (Red Draconian Skald)  Turns: 108330, Time: 04:48:43

HP:   234/234 (238) AC: 19    Str: 26      XL:     27
MP:   50/52         EV: 29    Int: 17 (20) God:    Gozag
Gold: 885           SH:  9    Dex: 23      Spells: 8 memorised, 18 levels left

rFire  + + .     SeeInvis +     a - +9 quick blade (flame)
rCold  + . .     Clarity  +     (armour unavailable)
rNeg   + + .     SustAt   .     D - +0 buckler "Okhliemm" {Int+2 Dex+5 Slay+5}
rPois  +         Gourm    .     F - +2 hat of the Bear Spirit {Spirit, +Rage rN+ MR++}
rElec  .         Spirit   +     o - +1 cloak of the Countless Deaths {*Contam Regen+ MP+9 Str+7}
rCorr  .         Warding  .     M - +0 pair of gloves of Freedom {*Contam rPois Stlth+}
rMut   .         Stasis   .     H - +0 pair of boots {Fly}
MR     ++++.                    y - amulet of Egomania {Clar rF+ Slay+2 SInv}
Stlth  ++++......               V - ring of Coronation {rPois rC+ Int+3 Dex-2 Stlth+}
                                q - ring "Xibadal" {+Fly rN+ Str+5 Stlth+}

@: flying, very slightly contaminated, incredibly resistant to hostile
enchantments, stealthy
A: breathe fire, unfitting armour, claws 1, stinger 1, berserk 1, blink, fire
resistance 1, screaming 1, weak 1, no device heal 1, cold-blooded, MP-powered
wands, AC +13
a: Breathe Fire, Blink, Potion Petition, Call Merchant, Bribe Branch, Renounce
Religion, Evoke Berserk Rage, Stop Flying
0: Orb of Zot
}: 4/15 runes: decaying, slimy, silver, gossamer


You escaped.
You worshipped Gozag.
Gozag was noncommittal.
You were not hungry.

You visited 10 branches of the dungeon, and saw 59 of its levels.
You visited 1 bazaar.
You also visited: Labyrinth, Sewer and Bailey.

You collected 36182 gold pieces.
You spent 5533 gold pieces at shops.
You paid 29764 gold pieces to Gozag.

Inventory:

Hand Weapons
 a - a +9 quick blade of flaming (weapon)
 b - a +3 blowgun
Missiles
 k - 199 poisoned needles
 r - 26 curare-tipped needles
 T - a throwing net (quivered)
Armour
 o - the +1 cloak of the Countless Deaths (worn) {*Contam Regen+ MP+9 Str+7}
   (You acquired it on level 3 of the Elven Halls)

   It affects your strength (+7).
   It affects your magic capacity (+9).
   It causes magical contamination when unequipped.
   It increases your rate of regeneration.
 D - the +0 buckler "Okhliemm" (worn) {Int+2 Dex+5 Slay+5}
   (You took it off a deep elf death mage on level 3 of the Elven Halls)

   It affects your intelligence (+2).
   It affects your dexterity (+5).
   It affects your accuracy and damage with ranged weapons and melee attacks
   (+5).
 F - the +2 hat of the Bear Spirit (worn) {Spirit, +Rage rN+ MR++}
   (You bought it in a shop on level 9 of the Dungeon)

   It protects you from negative energy.
   It affects your resistance to hostile enchantments.
   It lets you go berserk.
 H - a +0 pair of boots of flying (worn)
 M - the +0 pair of gloves of Freedom (worn) {*Contam rPois Stlth+}
   (You found it on level 5 of the Dungeon)

   It protects you from poison.
   It causes magical contamination when unequipped.
   It makes you more stealthy.
Rods
 u - a +4 rod of shadows (9/9)
   (You took it off a deep elf death mage on level 3 of the Elven Halls)
 O - a +8 iron rod (11/11)
   (You found it in a labyrinth)
Jewellery
 q - the ring "Xibadal" (left hand) {+Fly rN+ Str+5 Stlth+}
   (You took it off a deep elf demonologist on level 3 of the Elven Halls)

   [ring of flight]

   It affects your strength (+5).
   It protects you from negative energy.
   It lets you fly.
   It makes you more stealthy.
 y - the amulet of Egomania (around neck) {Clar rF+ Slay+2 SInv}
   (You found it on level 5 of the Vaults)

   [amulet of clarity]

   It provides mental clarity.
   It affects your accuracy and damage with ranged weapons and melee attacks
   (+2).
   It protects you from fire.
   It lets you see invisible.
 V - the ring of Coronation (right hand) {rPois rC+ Int+3 Dex-2 Stlth+}
   (You found it on level 2 of the Vaults)

   [ring of protection from cold]

   It affects your intelligence (+3).
   It affects your dexterity (-2).
   It protects you from cold.
   It protects you from poison.
   It makes you more stealthy.
Wands
 f - a wand of cold (9)
 h - a wand of digging (3)
 E - a wand of disintegration (4)
 P - a wand of fire (5)
 S - a wand of fire (4)
 X - a wand of teleportation (5)
Scrolls
 d - 2 scrolls of blinking
 e - 6 scrolls of magic mapping
 m - 24 scrolls of remove curse
 x - 17 scrolls of recharging
 z - 4 scrolls of fear
 G - a scroll of enchant armour
 L - 7 scrolls of teleportation
 R - a scroll of identify
 Z - 5 scrolls of fog
Potions
 i - 8 potions of heal wounds
 j - 4 potions of might
 p - 9 potions of brilliance
 s - 8 potions of agility
 w - 25 potions of curing
 A - 2 potions of cancellation
 B - 4 potions of resistance
 I - a potion of invisibility
 K - 7 potions of magic
 Q - 4 potions of berserk rage
 W - 7 potions of haste
Books
 n - a book of Conjurations

   Spells                             Type                      Level
   a - Magic Dart                     Conjuration                  1
   b - Searing Ray                    Conjuration                  2
   c - Dazzling Spray                 Conjuration/Hexes            3
   d - Fulminant Prism                Conjuration/Hexes            4
   e - Iskenderun's Mystic Blast      Conjuration                  4
   f - Iskenderun's Battlesphere      Conjuration/Charms           5
Miscellaneous
 g - a phial of floods
 l - a phial of floods
 t - a phial of floods
 v - a lamp of fire
 C - a sack of spiders
 J - 2 phantom mirrors
 U - a fan of gales
 Y - a sack of spiders
Comestibles
 c - 27 bread rations


   Skills:
 - Level 17.9 Fighting
 - Level 11.1 Short Blades
 - Level 11.0 Throwing
 - Level 15.4 Dodging
 - Level 20.9 Stealth
 - Level 15.0 Shields
 + Level 16.0 Spellcasting
 - Level 12.5 Charms
 * Level 20.4 Translocations
 - Level 7.8 Air Magic
 - Level 12.5 Evocations


You had 18 spell levels left.
You knew the following spells:

 Your Spells              Type           Power        Failure   Level  Hunger
a - Haste                 Chrm           ######..     4%          6    #####..
b - Regeneration          Chrm/Necr      ####......   1%          3    None
c - Controlled Blink      Tloc           N/A          10%         8    #######
d - Warp Weapon           Chrm/Tloc      ######....   1%          5    ####...
e - Dispersal             Tloc           ######....   1%          6    #####..
f - Deflect Missiles      Chrm/Air       #####.....   12%         6    #####..
g - Phase Shift           Tloc           ######....   1%          5    ####...
z - Infusion              Chrm           ######       1%          1    None


Dungeon Overview and Level Annotations

Branches:
Dungeon (15/15)            Temple (0/1) D:6            Lair (8/8) D:11
  Swamp (4/4) Lair:5       Spider (4/4) Lair:4        Slime (6/6) Lair:6
    Orc (4/4) D:9             Elf (3/3) Orc:3        Vaults (5/5) D:13
  Crypt (0/3) Vaults:3     Depths (5/5) D:15            Zot (5/5) Depths:5

Altars:
Ashenzari
Cheibriados
Dithmenos
Fedhas
Gozag
Kikubaaqudgha
Nemelex Xobeh
Okawaru
Sif Muna
Trog
Vehumet
Xom
Yredelemnul
The Shining One
Beogh
Jiyva

Shops:
D:5 (   D:8 (   D:9 [   Orc:4 (   Elf:1 (   Elf:2 !*   Elf:3 [?[*(
Lair:1 ([*[[??[   Lair:4 [   Vaults:1 *   Vaults:2 *(   Vaults:3 [   Vaults:4 *

Portals:
Hell: Depths:1 Depths:2 Depths:3 Depths:4 Depths:5
Abyss: Depths:1 Depths:2 Depths:3 Depths:4 Depths:5
Pandemonium: Depths:1 Depths:3 Depths:5
Ziggurat: Depths:3
Trove: D:11 (give +4 gold dragon armour)

Annotations:
Elf:2 3 runed doors
Vaults:2 Sojobo


Innate Abilities, Weirdness & Mutations

You can breathe blasts of fire.
Your fiery red scales are hard (AC +13).
Your body does not fit into most forms of armour.
Your flesh is heat resistant.
You are cold-blooded and may be slowed by cold attacks.
You have sharp fingernails.
Your tail ends in a poisonous barb.
You tend to lose your temper in combat.
You can translocate small distances at will.
You occasionally shout uncontrollably at your foes.
You are weak. (Str -2)
Potions and wands are less effective at restoring your health.
You expend magic power (3 MP) to strengthen your wands.


Message History

Press: ? - help, Shift-Dir - straight line The rock shatters into small pieces.
This wand has 4 charges left.
There is a stone staircase leading up here.
The giant orange brain pulsates.
Something tries to feed on your intellect!
You fly upwards.
There is a stone staircase leading down here.
Magic restored.
A blue devil comes into view.
There is a stone staircase leading up here.
You fly upwards.
There is a stone staircase leading down here.
A blizzard demon comes into view.
You see here a dagger.
Evoke which item? (* to show all) (? for menu, Esc to quit)
Zapping:
h - a wand of digging (4)
Press: ? - help, Shift-Dir - straight line The rock shatters into small pieces.
This wand has 3 charges left.
There is a staircase leading out of the dungeon here.
You have escaped!

#.#.#.#
#.#.#.#
#.#.#.#
#.#.#.#
#.#.#.#
#.#.#.#
#.#.#.#
######.#.#.#
#.....@....#
############


There were no monsters in sight!

Vanquished Creatures
  the royal jelly (Slime:6)
  7 orbs of fire (Zot:5)
  Mara (Swamp:3)
  Mennas (Vaults:3)
  2 juggernauts (Depths:4)
  the Lernaean hydra (Swamp:4)
  4 curse toes
  2 Killer Klowns
  A caustic shrike (Depths:3)
  9 golden dragons
  6 liches
  Arachne (Spider:3)
  An electric golem (Zot:1)
  16 tentacled monstrosities
  Rupert (D:14)
  12 Orb Guardians
  A deep elf blademaster (Elf:3)
  3 quicksilver dragons
  3 titans
  2 deep elf master archers (Elf:3)
  9 death cobs
  4 sphinxes
  12 acid blobs
  An octopode crusher (Depths:5)
  Agnes (Spider:4)
  An ancient champion (Vaults:3)
  6 tengu reavers
  Frances (D:14)
  7 shadow dragons
  13 storm dragons
  3 thorn hunters
  2 draconian monks
  5 azure jellies
  8 ghost moths
  Donald (Elf:2)
  3 draconian knights
  Maud (Lair:7)
  An orc warlord (Orc:4)
  7 iron dragons
  18 fire giants
  13 frost giants
  8 deep elf sorcerers
  3 draconian zealots
  Louise (Swamp:3)
  5 emperor scorpions
  9 vault wardens
  A curse skull (Vaults:3)
  An angel (Depths:5)
  3 draconian shifters
  A ghoul (Swamp:1)
  5 draconian annihilators
  2 spriggan defenders (Depths:3)
  19 very ugly things
  A war gargoyle (Vaults:5)
  22 stone giants
  3 vampire knights
  10 ironheart preservers
  7 draconian callers
  7 deep elf demonologists
  The ghost of Bubs the Fighter, a journeyman HOAK of Lugonu (D:12)
  Nessos (Lair:5)
  10 green draconians
  9 black draconians
  6 yellow draconians
  8 deep elf annihilators
  4 salamander stormcallers
  7 purple draconians
  7 mottled draconians
  4 red draconians
  8 white draconians
  2 pale draconians (Depths:5)
  23 ettins
  2 eidola (Vaults:3)
  A minotaur (Lab)
  Snorg (Orc:2)
  7 death oozes
  8 deep elf death magi
  3 merfolk javelineers (Depths:1)
  An ettin (shapeshifter) (Vaults:4)
  5 deep elf high priests
  20 vault guards
  Josephine (D:9)
  20 fire dragons
  3 green deaths
  20 great orbs of eyes
  9 entropy weavers
  24 ice dragons
  21 yaktaur captains
  8 rakshasas
  16 hydras
  2 hell beasts
  11 deep troll shamans
  Erica (Orc:1)
  5 alligators
  5 catoblepae
  7 spriggan air magi
  29 death yaks
  10 ogre magi
  14 centaur warriors
  6 tengu warriors
  8 deep troll earth magi
  5 orc high priests
  Urug (D:13)
  5 spriggan berserkers
  A storm dragon zombie (Vaults:4)
  Sonja (Lair:1)
  Nergalle (Lair:1)
  A vampire mage (Depths:4)
  20 deep elf knights
  A fire crab (Vaults:3)
  4 hell knights
  2 giant orange brains
  A storm dragon skeleton (Vaults:4)
  The ghost of namelastname112 the Slicer, a novice DrSk of Ru (D:8)
  An iron troll (Depths:3)
  3 wizards
  4 flayed ghosts
  2 death drakes (shapeshifter)
  2 spriggan druids (Swamp:4)
  4 hill giants
  26 deep trolls
  2 unseen horrors
  An obsidian statue (Zot:5)
  2 sphinx zombies
  2 shambling mangroves
  7 deep elf summoners
  15 ironbrand convokers
  A tengu zombie (Vaults:4)
  5 lindwurms
  The ghost of Uhlv the Shield-Bearer, a novice MiFi of Qazlal (D:7)
  6 orc sorcerers
  10 swamp dragons
  3 harpies (Vaults:2)
  3 necromancers
  4 phantasmal warriors
  19 orb spiders
  19 deep elf conjurers
  22 wolf spiders
  A stone giant zombie (Vaults:4)
  3 hornets
  A fire giant zombie (Depths:2)
  3 shining eyes
  19 orc knights
  22 moths of wrath
  8 griffons
  47 ugly things
  5 cyclopes
  An oklob plant (Lair:6)
  A hornet (shapeshifter) (Depths:2)
  A manticore (D:14)
  19 elephants
  A tengu skeleton (Depths:2)
  A rust devil (Depths:2)
  An octopode (shapeshifter) (Vaults:4)
  A guardian serpent (shapeshifter) (Depths:4)
  A fire giant skeleton (Depths:2)
  Maurice (Orc:3)
  5 black mambas
  An eye of devastation (shapeshifter) (Depths:4)
  2 eyes of devastation
  8 vault sentinels
  2 torpor snails
  21 spiny frogs
  4 orange demons (Swamp:4)
  4 gargoyles
  A guardian serpent (D:10)
  A smoke demon (Depths:5)
  2 komodo dragons (shapeshifter) (Depths:4)
  7 kobold demonologists
  44 yaktaurs
  18 komodo dragons
  7 demonic crawlers
  2 red devils
  A fire drake (shapeshifter) (Vaults:4)
  6 freezing wraiths
  A hellwing (Depths:5)
  A yaktaur (shapeshifter) (Elf:1)
  2 fire drakes (Lair:8)
  4 large abominations
  16 deep elf priests
  20 jumping spiders
  A polar bear (Lair:5)
  11 trolls
  A queen bee (shapeshifter) (Vaults:1)
  A wind drake (Bailey)
  3 giant leeches
  A tengu conjurer (D:15)
  23 blink frogs
  2 blue devils
  16 two-headed ogres
  106 slime creatures
  A snapping turtle (shapeshifter) (Vaults:5)
  A fire giant simulacrum (Depths:2)
  A frost giant simulacrum (Vaults:1)
  A blink frog (shapeshifter) (Vaults:5)
  31 trapdoor spiders
  2 trapdoor spiders (shapeshifter)
  14 bog bodies
  6 boulder beetles
  11 water elementals
  3 air elementals (Depths:4)
  4 flying skulls
  A vampire (D:15)
  9 wraiths
  Sigmund (D:3)
  3 shadows
  A tarantella (shapeshifter) (Vaults:4)
  65 redbacks
  23 tarantellas
  3 basilisks (shapeshifter)
  6 spriggans
  A wyvern (D:15)
  2 basilisks
  A ynoxinul (Depths:5)
  A yak (shapeshifter) (D:13)
  31 deep elf magi
  2 neqoxecs (Depths:5)
  A hippogriff (shapeshifter) (Depths:3)
  Grum (D:8)
  23 deep elf fighters
  5 steam dragons
  37 swamp worms
  19 vampire mosquitoes
  57 yaks
  9 hippogriffs
  15 wolves
  6 wargs
  Edmund (D:4)
  7 porcupines
  2 hungry ghosts
  10 insubstantial wisps
  5 mottled dragons
  A sky beast (shapeshifter) (Vaults:5)
  A swamp drake (shapeshifter) (Vaults:5)
  63 orc warriors
  9 water moccasins
  A black bear (D:7)
  9 swamp drakes
  23 wasps
  An eye of draining (shapeshifter) (Depths:4)
  31 spiders
  4 necrophages (Swamp:1)
  2 phantoms (D:8)
  6 sky beasts
  The ghost of namelastname112 the Cutter, an amateur DrSk (D:3)
  18 crocodiles
  48 ogres
  4 ice beasts
  A tengu (shapeshifter) (Depths:2)
  8 boggarts
  15 centaurs
  5 eyes of draining
  A brain worm (Spider:3)
  10 big kobolds
  4 elf zombies (Elf:1)
  22 giant frogs
  A wyvern skeleton (D:9)
  19 killer bees
  A gnoll sergeant (D:7)
  2 wyvern zombies
  11 wights
  6 scorpions
  A wasp zombie (D:10)
  5 centaur zombies
  2 giant frog zombies
  7 crimson imps
  2 human simulacra
  33 jellies
  2 quasits
  3 electric eels (Bailey)
  48 orc priests
  4 centaur skeletons
  A gnoll shaman (Orc:4)
  2 iron imps (Depths:5)
  2 giant frog skeletons
  8 hounds
  11 worker ants
  9 iguanas
  35 orc wizards
  39 sheep
  A hound zombie (D:8)
  A hound skeleton (D:10)
  2 worker ant zombies
  20 adders
  47 river rats
  4 gnolls (Bailey)
  4 shadow imps
  2 giant eyeballs
  An ufetubus (Depths:5)
  2 white imps (Depths:5)
  10 oozes
  2 adder zombies
  An adder skeleton (D:7)
  11 worms
  5 giant geckos
  257 orcs
  4 ball pythons
  8 giant cockroaches
  11 hobgoblins
  9 jackals
  43 kobolds
  6 quokkas
  23 bats
  A giant gecko zombie (D:9)
  6 giant newts
  18 goblins
  3 goblin skeletons (D:7)
  2 goblin zombies (D:7)
  A kobold skeleton (D:7)
  A kobold zombie (D:7)
  An orc skeleton (D:7)
  A quokka skeleton (D:7)
  20 rats
  A briar patch (Swamp:1)
  A fire vortex (Vaults:3)
  2 plants (Spider:3)
2845 creatures vanquished.

Vanquished Creatures (collateral kills)
  An orb of fire (Zot:5)
  Boris (Vaults:5)
  3 caustic shrikes
  A golden dragon (Depths:4)
  A Killer Klown (Zot:5)
  3 Orb Guardians (Zot:5)
  2 tentacled monstrosities
  A draconian zealot (Zot:5)
  A draconian caller (Zot:5)
  A purple draconian (Zot:5)
  A black draconian (Zot:5)
  2 yellow draconians (Zot:5)
  3 vault guards (Vaults:5)
  An ettin (Vaults:5)
  A fire dragon (Zot:5)
  2 yaktaur captains (Vaults:5)
  A deep troll earth mage (Depths:4)
  A deep elf conjurer (Vaults:5)
  An elephant (shapeshifter) (Vaults:5)
  2 yaktaurs (Vaults:5)
  A flying skull (Depths:2)
  A fire vortex (Vaults:5)
32 creatures vanquished.

Vanquished Creatures (others)
  2 orbs of fire (Zot:5)
  2 ancient liches (Zot:5)
  A golden dragon (Zot:5)
  2 Killer Klowns (Zot:5)
  An electric golem (Zot:5)
  A tentacled monstrosity (Vaults:5)
  12 Orb Guardians (Zot:5)
  A quicksilver dragon (Vaults:5)
  2 titans (Vaults:5)
  An eldritch tentacle (Depths:1)
  A sphinx (Vaults:5)
  A shadow dragon (Zot:5)
  4 tengu reavers (Vaults:5)
  A storm dragon (Zot:5)
  A frost giant (Vaults:5)
  3 vault wardens (Vaults:5)
  3 ghost moths
  2 war gargoyles (Vaults:5)
  3 ironheart preservers
  2 black draconians (Zot:5)
  A stone giant (Vaults:5)
  A deep elf demonologist (Vaults:5)
  A yellow draconian (Zot:2)
  2 salamander stormcallers (Vaults:5)
  A mottled draconian (Zot:5)
  2 purple draconians
  A fire dragon (Zot:2)
  3 ettins (Vaults:5)
  A merfolk impaler (Depths:2)
  A deep elf high priest (Vaults:5)
  16 vault guards (Vaults:5)
  3 yaktaur captains (Vaults:5)
  A rakshasa (Depths:3)
  An entropy weaver (Depths:5)
  3 ogre magi
  2 dancing weapons (Elf:2)
  A deep elf knight (Elf:2)
  A hell knight (Vaults:5)
  A flayed ghost (Vaults:5)
  An orc knight (Vaults:3)
  3 phantasmal warriors (Vaults:5)
  A moth of wrath (Zot:5)
  3 vault sentinels (Vaults:5)
  A demonic crawler (Spider:1)
  A deep elf priest (Vaults:5)
  A yaktaur (Vaults:5)
  A jumping spider (Depths:5)
  A trapdoor spider (Spider:4)
  A tarantella (shapeshifter) (Vaults:5)
  3 water elementals
  3 redbacks (Depths:5)
  A deep elf fighter (Elf:1)
  A water moccasin (Lair:6)
  2 orc warriors (Vaults:3)
  An orc priest (Orc:4)
  An orc wizard (Orc:4)
  3 orcs
  3 briar patches (Swamp:1)
  76 eldritch tentacle segments (Depths:1)
  39 fungi
  19 plants
255 creatures vanquished.

Grand Total: 3132 creatures vanquished

Notes
Turn   | Place    | Note
--------------------------------------------------------------
     0 | D:1      | namelastname112 the Draconian Skald began the quest for the Orb.
     0 | D:1      | Reached XP level 1. HP: 17/17 MP: 3/3
   493 | D:1      | Reached XP level 2. HP: 9/24 MP: 5/5
   739 | D:1      | Reached skill level 1 in Stealth
  1086 | D:2      | Reached skill level 3 in Short Blades
  1117 | D:2      | Reached XP level 3. HP: 26/29 MP: 6/6
  1208 | D:2      | Found an ancient bone altar of Kikubaaqudgha.
  1401 | D:2      | Reached XP level 4. HP: 34/36 MP: 7/7
  1704 | D:3      | Found an iron altar of Okawaru.
  1736 | D:3      | Found a radiant altar of Vehumet.
  1917 | D:3      | Found a shadowy altar of Dithmenos.
  1917 | D:3      | Found a bloodstained altar of Trog.
  2024 | D:3      | Found a glowing drain.
  2028 | Sewer    | Entered a sewer
  2146 | Sewer    | Noticed a big kobold
  2146 | Sewer    | Noticed a big kobold
  2146 | Sewer    | Noticed a big kobold
  2167 | Sewer    | Killed a big kobold
  2167 | Sewer    | Reached skill level 4 in Short Blades
  2167 | Sewer    | Reached XP level 5. HP: 18/41 MP: 8/8
  2187 | Sewer    | Killed a big kobold
  2223 | Sewer    | HP: 2/41 [big kobold (2)]
  2224 | Sewer    | Killed a big kobold
  2224 | Sewer    | Reached XP level 6. HP: 2/48 MP: 9/9
  2665 | Sewer    | Noticed a big kobold
  2685 | Sewer    | Killed a big kobold
  2685 | Sewer    | Reached skill level 5 in Short Blades
  2843 | D:3      | Noticed Sigmund
  2853 | D:3      | Killed Sigmund
  2853 | D:3      | Reached skill level 5 in Stealth
  2853 | D:3      | Your scales start taking on a fiery red colour.
  2853 | D:3      | Gained mutation: Your flesh is heat resistant. [Red Draconian growth]
  2853 | D:3      | Reached XP level 7. HP: 40/55 MP: 10/10
  2992 | D:3      | Noticed namelastname112's ghost (amateur DrSk)
  2999 | D:3      | Killed namelastname112's ghost
  3378 | D:4      | Reached skill level 6 in Short Blades
  3776 | D:4      | Noticed Edmund
  3946 | D:4      | Killed Edmund
  3974 | D:4      | Found an opulent altar of Gozag.
  3983 | D:4      | Became a worshipper of Gozag Ym Sagoz the Greedy
  4176 | D:5      | Entered Level 5 of the Dungeon
  4178 | D:5      | Found a sparkling altar of Nemelex Xobeh.
  4204 | D:5      | Reached skill level 7 in Short Blades
  4204 | D:5      | Reached XP level 8. HP: 21/61 MP: 11/11
  4965 | D:5      | Got a pair of distressingly furry gloves
  4971 | D:5      | Identified the +0 pair of gloves of Freedom {*Contam rPois Stlth+} (You found it on level 5 of the Dungeon)
  5147 | D:5      | Found Ruecoich's Weapon Emporium.
  5190 | D:5      | Reached skill level 8 in Short Blades
  5919 | D:6      | Found a staircase to the Ecumenical Temple.
  6623 | D:7      | Noticed Uhlv's ghost (novice MiFi)
  6649 | D:7      | Killed Uhlv's ghost
  6649 | D:7      | Reached skill level 9 in Short Blades
  6649 | D:7      | Reached XP level 9. HP: 57/67 MP: 12/12
  7251 | D:7      | Reached skill level 10 in Short Blades
  7407 | D:7      | Found a glowing golden altar of the Shining One.
  7637 | D:8      | Noticed Grum
  7677 | D:8      | Found a blossoming altar of Fedhas.
  7678 | D:8      | Noticed namelastname112's ghost (novice DrSk)
  7925 | D:9      | Reached skill level 10 in Stealth
  8131 | D:9      | Reached XP level 10. HP: 67/73 MP: 13/13
  8193 | D:9      | Noticed a lindwurm
  8247 | D:9      | Noticed a lindwurm
  8247 | D:9      | Noticed a lindwurm
  8247 | D:9      | Noticed a lindwurm
  8249 | D:9      | Killed a lindwurm
  8815 | D:9      | Killed a lindwurm
  8815 | D:9      | Reached skill level 11 in Short Blades
  8878 | D:9      | Killed a lindwurm
  8932 | D:9      | Killed a lindwurm
  8957 | D:9      | Identified the Volume of Shifting Self-Knowledge
  8970 | D:9      | Got a bloodstained war axe
  9908 | D:9      | Found a staircase to the Orcish Mines.
  9985 | D:9      | Found a shimmering altar of Xom.
 10461 | D:8      | Reached XP level 11. HP: 71/85 MP: 14/14
 10771 | D:8      | Reached skill level 5 in Fighting
 11058 | D:8      | Killed Grum
 11860 | D:8      | Killed namelastname112's ghost
 12193 | D:8      | Found Doipn's Antique Weapon Shoppe.
 12202 | D:8      | Bought a brightly glowing short sword for 184 gold pieces
 12202 | D:8      | Identified the +5 short sword "Pumuur" {drain, rElec} (You bought it in a shop on level 8 of the Dungeon)
 12254 | D:10     | Entered Level 10 of the Dungeon
 12254 | D:10     | Noticed Josephine
 12269 | D:9      | Killed Josephine
 12269 | D:9      | Reached skill level 5 in Dodging
 12566 | D:10     | Reached skill level 12 in Stealth
 12595 | D:10     | Noticed a hill giant
 12600 | D:10     | Killed a hill giant
 13464 | D:11     | Found a staircase to the Lair.
 13664 | D:11     | Found a portal to a secret trove of treasure.
 13671 | D:11     | Reached XP level 12. HP: 96/101 MP: 15/15
 14022 | D:11     | Noticed a five-headed hydra
 14046 | D:11     | Killed a five-headed hydra
 14576 | Lair:1   | Entered Level 1 of the Lair of Beasts
 15270 | Lair:1   | Reached skill level 13 in Stealth
 16126 | Lair:1   | Bought a scroll labeled IDIAHO REHY for 29 gold pieces
 16130 | Lair:1   | Bought a meat ration for 60 gold pieces
 16130 | Lair:1   | Bought a meat ration for 60 gold pieces
 16130 | Lair:1   | Bought a meat ration for 60 gold pieces
 16130 | Lair:1   | Bought a royal jelly for 24 gold pieces
 16130 | Lair:1   | Bought a royal jelly for 24 gold pieces
 16130 | Lair:1   | Bought a slice of pizza for 18 gold pieces
 16130 | Lair:1   | Bought a bread ration for 60 gold pieces
 16130 | Lair:1   | Bought a slice of pizza for 18 gold pieces
 16167 | Lair:1   | Noticed Sonja
 16174 | Lair:1   | Killed Sonja
 16270 | Lair:1   | Noticed Nergalle
 16276 | Lair:1   | Found a basalt altar of Yredelemnul.
 16277 | Lair:1   | Killed Nergalle
 16755 | Lair:2   | Reached skill level 1 in Throwing
 17187 | Lair:2   | Reached skill level 10 in Fighting
 17788 | Lair:3   | Reached skill level 1 in Shields
 18297 | Lair:4   | Reached XP level 13. HP: 113/113 MP: 16/16
 19451 | Lair:4   | Found a hole to the Spider Nest.
 19536 | Lair:4   | Noticed a seven-headed hydra
 19548 | Lair:4   | Killed a seven-headed hydra
 19934 | Lair:5   | Noticed Nessos
 19941 | Lair:5   | Killed Nessos
 20057 | Lair:5   | Found a staircase to the Swamp.
 20496 | Lair:5   | Reached skill level 5 in Shields
 21233 | Lair:6   | Reached skill level 14 in Stealth
 23752 | Lair:6   | Found a staircase to the Slime Pits.
 24596 | Lair:7   | Reached XP level 14. HP: 121/124 MP: 17/17
 25304 | Lair:8   | Entered Level 8 of the Lair of Beasts
 25340 | Lair:8   | Found a labyrinth entrance.
 25351 | Lab      | Entered a labyrinth
 26953 | Lab      | no shit
 27028 | Lab      | Got a slimy turquoise ring
 27028 | Lab      | Identified the Disquisition on Sinister Arts
 27031 | Lair:8   | Identified the ring of Bamowk {Fire rElec Dex-2 Stlth+} (You found it in a labyrinth)
 27648 | Lair:8   | Reached skill level 10 in Dodging
 28591 | Lair:8   | Noticed Maud
 28687 | Lair:7   | Killed Maud
 29366 | Lair:8   | Reached skill level 10 in Shields
 30831 | Lair:8   | Reached XP level 15. HP: 66/134 MP: 18/18
 31198 | Lair:8   | Reached skill level 15 in Stealth
 31914 | Lair:1   | Bought a meat ration for 55 gold pieces
 31914 | Lair:1   | Bought a meat ration for 55 gold pieces
 31914 | Lair:1   | Bought a bread ration for 55 gold pieces
 31914 | Lair:1   | Bought a slice of pizza for 16 gold pieces
 31914 | Lair:1   | Bought a beef jerky for 16 gold pieces
 31914 | Lair:1   | Bought a beef jerky for 16 gold pieces
 31914 | Lair:1   | Bought a meat ration for 55 gold pieces
 31914 | Lair:1   | Bought a meat ration for 55 gold pieces
 31914 | Lair:1   | Bought 4 fruits for 66 gold pieces
 31914 | Lair:1   | Bought 3 fruits for 49 gold pieces
 31914 | Lair:1   | Bought a beef jerky for 16 gold pieces
 31914 | Lair:1   | Bought a meat ration for 55 gold pieces
 31914 | Lair:1   | Bought a meat ration for 55 gold pieces
 31914 | Lair:1   | Bought a royal jelly for 22 gold pieces
 31914 | Lair:1   | Bought a meat ration for 55 gold pieces
 31914 | Lair:1   | Bought a bread ration for 55 gold pieces
 31920 | Lair:1   | Bought 5 fruits for 90 gold pieces
 32085 | Orc:1    | Entered Level 1 of the Orcish Mines
 32223 | Orc:2    | Noticed Snorg
 32250 | Orc:2    | Killed Snorg
 32783 | Orc:1    | Noticed Erica
 32789 | Orc:1    | Killed Erica
 32903 | Orc:1    | Found a shimmering altar of Xom.
 33215 | Orc:3    | Noticed Maurice
 33216 | Orc:3    | Killed Maurice
 33254 | Orc:3    | Found a staircase to the Elven Halls.
 33835 | Orc:2    | Found a roughly hewn altar of Beogh.
 34311 | Orc:4    | Entered Level 4 of the Orcish Mines
 34686 | Orc:4    | Found a roughly hewn altar of Beogh.
 34814 | Orc:4    | Found Pedghefu's Antique Weapon Emporium.
 34970 | Orc:4    | Found Paty's Food Shoppe.
 34979 | Orc:4    | Bought a beef jerky for 21 gold pieces
 34979 | Orc:4    | Bought a meat ration for 70 gold pieces
 34979 | Orc:4    | Bought a meat ration for 70 gold pieces
 34979 | Orc:4    | Bought 2 fruits for 42 gold pieces
 34979 | Orc:4    | Bought a slice of pizza for 21 gold pieces
 34979 | Orc:4    | Bought a slice of pizza for 21 gold pieces
 34979 | Orc:4    | Bought a meat ration for 70 gold pieces
 34979 | Orc:4    | Bought a beef jerky for 21 gold pieces
 34979 | Orc:4    | Bought a beef jerky for 21 gold pieces
 34979 | Orc:4    | Bought a meat ration for 70 gold pieces
 34979 | Orc:4    | Bought a bread ration for 70 gold pieces
 35428 | Orc:4    | Paralysed by an orc sorcerer for 3 turns
 36553 | Orc:4    | Found a roughly hewn altar of Beogh.
 36812 | Orc:4    | Found Yvaaq's Food Boutique.
 36856 | Orc:4    | Bought a beef jerky for 19 gold pieces
 36856 | Orc:4    | Bought 3 fruits for 58 gold pieces
 36856 | Orc:4    | Bought 4 fruits for 78 gold pieces
 36856 | Orc:4    | Bought a meat ration for 65 gold pieces
 36856 | Orc:4    | Bought a bread ration for 65 gold pieces
 36856 | Orc:4    | Bought a bread ration for 65 gold pieces
 36856 | Orc:4    | Bought a slice of pizza for 19 gold pieces
 36856 | Orc:4    | Bought a bread ration for 65 gold pieces
 37130 | Orc:4    | Found Sufuw's Assorted Antiques.
 37895 | D:9      | Bought a pair of embroidered gloves for 135 gold pieces
 37895 | D:9      | Bought the +2 hat of the Bear Spirit {Spirit, +Rage rN+ MR++} for 1173 gold pieces
 38082 | D:12     | Noticed Bubs's ghost (journeyman HOAK)
 38630 | D:12     | Found a flagged portal.
 38642 | Bailey   | Entered a bailey
 38682 | Bailey   | Found an iron altar of Okawaru.
 38845 | Bailey   | Got a smoking falchion
 38847 | Bailey   | Identified the +8 falchion of the Puffball {drain, rPois Dex+3} (You found it in a bailey)
 39659 | D:12     | Killed Bubs's ghost
 41108 | D:13     | Noticed Urug
 41113 | D:13     | Killed Urug
 41162 | D:13     | Found a gate to the Vaults.
 41781 | D:13     | Reached XP level 16. HP: 110/144 MP: 14/19
 42847 | D:14     | Noticed Rupert
 42921 | D:14     | Noticed Frances
 42932 | D:14     | Killed Frances
 43273 | D:15     | Entered Level 15 of the Dungeon
 43638 | D:15     | Found a staircase to the Depths.
 44762 | D:14     | Killed Rupert
 45132 | D:14     | Found a deep blue altar of Sif Muna.
 45393 | Lair:1   | Bought a scroll of identify for 32 gold pieces
 45393 | Lair:1   | Bought 2 scrolls of identify for 64 gold pieces
 45393 | Lair:1   | Bought a scroll of blinking for 120 gold pieces
 45393 | Lair:1   | Bought a scroll of identify for 32 gold pieces
 45393 | Lair:1   | Bought a scroll of identify for 32 gold pieces
 45573 | Lair:4   | Reached skill level 16 in Stealth
 45619 | Lair:4   | HP: 6/145 [death yak (22)]
 46209 | Lair:4   | Reached skill level 1 in Evocations
 46256 | Spider:1 | Entered Level 1 of the Spider Nest
 48819 | Spider:2 | Reached skill level 5 in Evocations
 49247 | Spider:3 | Reached XP level 17. HP: 144/152 MP: 20/20
 50982 | Spider:3 | Reached skill level 5 in Throwing
 51102 | Spider:3 | Gained mutation: Your tail ends in a poisonous barb. [potion of beneficial mutation]
 51112 | Spider:4 | Entered Level 4 of the Spider Nest
 51478 | Spider:4 | Noticed Arachne
 51511 | Spider:3 | Killed Arachne
 52430 | Spider:4 | Reached skill level 15 in Shields
 53693 | Spider:4 | Got a gossamer rune of Zot
 54723 | Spider:4 | Noticed Agnes
 54736 | Spider:4 | Killed Agnes
 55229 | Lair:4   | Bought a pair of glowing boots for 135 gold pieces
 55229 | Lair:4   | Bought an embroidered cloak for 135 gold pieces
 55253 | Lair:4   | Bought a pair of glowing gloves for 135 gold pieces
 55267 | Lair:4   | Upgraded the game from 0.17.1-1-g73c8601 to 0.17.1-2-g5865329
 55865 | Swamp:1  | Entered Level 1 of the Swamp
 56347 | Swamp:1  | Reached XP level 18. HP: 160/160 MP: 25/25
 56816 | Swamp:1  | Reached skill level 10 in Evocations
 56872 | Swamp:1  | Found a bloodstained altar of Trog.
 57936 | Swamp:3  | Noticed Louise
 57940 | Swamp:3  | Killed Louise
 58662 | Swamp:4  | Entered Level 4 of the Swamp
 59288 | Swamp:4  | Reached skill level 10 in Throwing
 59426 | Swamp:4  | Noticed Mara
 59493 | Swamp:4  | Noticed namelastname112's illusion
 59847 | Swamp:4  | Noticed namelastname112's illusion
 59913 | Swamp:3  | Killed Mara
 60019 | Swamp:4  | Noticed the 27-headed Lernaean hydra
 60403 | Swamp:4  | Killed the 27-headed Lernaean hydra
 61306 | Swamp:4  | Got a decaying rune of Zot
 61881 | Elf:1    | Entered Level 1 of the Elven Halls
 61909 | Elf:1    | Found Vemavuneick's Antique Weapon Shoppe.
 62085 | Elf:1    | Found a radiant altar of Vehumet.
 62142 | Elf:1    | Reached XP level 19. HP: 122/167 MP: 23/28
 62763 | Elf:1    | Identified the Handbook of Hedonism
 63338 | Elf:2    | Found a runed gate.
 63338 | Elf:2    | Found a runed gate.
 63338 | Elf:2    | Found a runed gate.
 63453 | Elf:2    | HP: 7/167 [something (25)]
 63460 | Elf:2    | Found Tiritute's Distillery.
 64040 | Elf:2    | Noticed Donald
 64125 | Elf:2    | Killed Donald
 64382 | Elf:2    | Found Toluaq's Assorted Antiques.
 64389 | Elf:2    | Reached skill level 5 in Charms
 64420 | Elf:2    | Bought a potion of curing for 96 gold pieces
 64807 | Elf:3    | Entered Level 3 of the Elven Halls
 65103 | Elf:3    | Found Vuloazuq's Armour Boutique.
 65113 | Elf:3    | Found Pozuts's Magic Scroll Emporium.
 65123 | Elf:3    | Found Keapucs's Antique Armour Shoppe.
 65142 | Elf:3    | Bought a pair of glowing boots for 139 gold pieces
 65142 | Elf:3    | Bought a pair of runed boots for 139 gold pieces
 65309 | Elf:3    | Found Soobagiene's Weapon Emporium.
 65432 | Elf:3    | Reached skill level 5 in Spellcasting
 65469 | Elf:3    | Found Ynil's General Store.
 65473 | Elf:3    | Bought a scroll of identify for 26 gold pieces
 66779 | Elf:3    | Got a brightly glowing golden ring
 66914 | Elf:3    | Identified the ring "Xibadal" {+Fly rN+ Str+5 Stlth+} (You took it off a deep elf demonologist on level 3 of the Elven Halls)
 67405 | Elf:3    | Got a twitching jade ring
 67406 | Elf:3    | Got a smoking buckler
 68154 | Elf:3    | Got a bound ivory ring
 68156 | Elf:3    | Identified the ring "Qearr" {rC+ Str+3} (You took it off a deep elf sorcerer on level 3 of the Elven Halls)
 68157 | Elf:3    | Identified the cursed +0 buckler "Okhliemm" {Int+2 Dex+5 Slay+5} (You took it off a deep elf death mage on level 3 of the Elven Halls)
 68169 | Elf:3    | Identified the ring "Lasuuc" {MR++ Int+5} (You took it off a deep elf death mage on level 3 of the Elven Halls)
 68332 | Elf:3    | Reached skill level 17 in Stealth
 69441 | Elf:3    | Got a slimy falchion
 69442 | Elf:3    | Identified the cursed +0 falchion "Mar Ogu" {flame, +Inv rElec rN+ Int+4} (You found it on level 3 of the Elven Halls)
 69493 | Elf:3    | Got a jewelled cloak
 69504 | Elf:3    | Identified the +1 cloak of the Countless Deaths {*Contam Regen+ MP+9 Str+7} (You acquired it on level 3 of the Elven Halls)
 70033 | Vaults:1 | Entered Level 1 of the Vaults
 70165 | Vaults:1 | Reached XP level 20. HP: 174/174 MP: 30/30
 70238 | Vaults:1 | Found Bahoikla's General Store.
 72045 | Vaults:2 | Noticed Sojobo
 72571 | Vaults:2 | Got an ancient marble ring
 72652 | Vaults:2 | Identified the ring of Coronation {rPois rC+ Int+3 Dex-2 Stlth+} (You found it on level 2 of the Vaults)
 73159 | Vaults:2 | Reached skill level 18 in Stealth
 73293 | Vaults:2 | Identified a +4 rod of shadows (9/9) (You took it off a deep elf death mage on level 3 of the Elven Halls)
 73397 | Vaults:2 | Bought a scroll of identify for 72 gold pieces
 73872 | Vaults:3 | Noticed Mennas
 73933 | Vaults:3 | Killed Mennas
 74249 | Vaults:3 | Reached skill level 10 in Charms
 74475 | Vaults:3 | Found Tonwymut's Armour Boutique.
 74544 | Vaults:3 | Reached skill level 10 in Spellcasting
 74887 | Vaults:3 | Reached XP level 21. HP: 49/181 MP: 23/35
 74923 | Vaults:3 | Found a staircase to the Crypt.
 76708 | Vaults:4 | Gained mutation: You can translocate small distances at will. [potion of beneficial mutation]
 77097 | Vaults:4 | Reached skill level 19 in Stealth
 78153 | Lair:8   | Got a faintly humming cloak
 78154 | Lair:8   | Identified the +1 cloak "Nyokelom" {-Cast rElec rN++ Str+3} (You found it on level 8 of the Lair of Beasts)
 78502 | Lair:1   | Learned a level 6 spell: Haste
 78506 | Lair:1   | Learned a level 3 spell: Regeneration
 78668 | Depths:1 | Entered Level 1 of the Depths
 78724 | Depths:1 | Found a one-way gate leading to the halls of Pandemonium.
 79439 | Depths:1 | Found a gateway to Hell.
 79841 | Depths:1 | Found a one-way gate to the infinite horrors of the Abyss.
 80456 | Depths:2 | Reached XP level 22. HP: 189/189 MP: 38/38
 81117 | Depths:2 | Found a runed door.
 81151 | Depths:2 | Noticed a caustic shrike
 81151 | Depths:2 | Found a runed door.
 82022 | Depths:1 | Killed a caustic shrike
 82780 | Depths:2 | Got a crude golden ring
 82857 | Depths:2 | Identified the ring of Recask {Int+2 SInv} (You took it off a tengu reaver on level 2 of the Depths)
 82862 | Depths:2 | Got an ancient lead ring
 82863 | Depths:2 | Identified the ring of Nuozipte {+Inv +Fly Slay+2} (You found it on level 2 of the Depths)
 83522 | Depths:2 | Reached skill level 20 in Stealth
 83580 | Depths:2 | Got a jewelled quick blade
 83581 | Depths:2 | Identified the +7 quick blade of Icaleh {flame, rPois} (You found it on level 2 of the Depths)
 83976 | Depths:3 | Found a runed door.
 84102 | Depths:3 | Reached skill level 15 in Fighting
 84205 | Depths:3 | Found a gateway to a ziggurat.
 84244 | Depths:3 | Paralysed by a giant eyeball for 3 turns
 84248 | Depths:3 | Paralysed by a giant eyeball for 2 turns
 84283 | Depths:3 | Paralysed by a giant eyeball for 4 turns
 86014 | Depths:3 | Reached XP level 23. HP: 194/200 MP: 39/39
 87923 | Depths:4 | Found a snail-covered altar of Cheibriados.
 87924 | Depths:4 | Found a shattered altar of Ashenzari.
 87924 | Depths:4 | Found a radiant altar of Vehumet.
 88648 | Depths:4 | Noticed a juggernaut
 88649 | Depths:4 | Killed a juggernaut
 89179 | Depths:4 | Reached skill level 15 in Dodging
 89564 | Depths:4 | Noticed a juggernaut
 89673 | Depths:4 | Killed a juggernaut
 89673 | Depths:4 | Reached XP level 24. HP: 195/216 MP: 39/39
 89892 | Depths:4 | Got a sparkling brass amulet
 89893 | Depths:4 | Identified the amulet of Relathoy {Ward rN+ Dex+5} (You found it on level 4 of the Depths)
 90312 | Depths:5 | Entered Level 5 of the Depths
 90329 | Depths:5 | Found a flickering gateway to a bazaar.
 90337 | Bazaar   | Entered a bazaar
 90347 | Bazaar   | Found Ruqiraetz's Book Shop.
 90355 | Bazaar   | Bought an Akashic Record for 662 gold pieces
 90367 | Bazaar   | Found Arabovov's Gadget Shop.
 90378 | Bazaar   | Learned a level 8 spell: Controlled Blink
 90430 | Depths:5 | Reached skill level 1 in Translocations
 90714 | Depths:5 | Reached skill level 5 in Translocations
 90728 | Depths:5 | Found a gate to the Realm of Zot.
 92150 | Lair:1   | Learned a level 5 spell: Agony
 92157 | Lair:1   | Learned a level 6 spell: Dispersal
 92164 | Lair:1   | Learned a level 6 spell: Deflect Missiles
 92512 | Vaults:4 | Bought a scroll of identify for 76 gold pieces
 92512 | Vaults:4 | Bought a scroll of identify for 76 gold pieces
 92515 | Vaults:5 | Entered Level 5 of the Vaults
 92527 | Vaults:5 | Reached skill level 1 in Air Magic
 92714 | Vaults:5 | Reached skill level 10 in Translocations
 92730 | Vaults:5 | Killed Boris
 93070 | Vaults:5 | Got a silver rune of Zot
 93375 | Vaults:5 | Got a pitted zirconium amulet
 93376 | Vaults:5 | Identified the amulet of Egomania {Clar rF+ Slay+2 SInv} (You found it on level 5 of the Vaults)
 93586 | Vaults:5 | Gained mutation: You have sharp fingernails. [potion of beneficial mutation]
 93648 | Vaults:5 | Reached skill level 5 in Air Magic
 94125 | Vaults:5 | Learned a level 5 spell: Warp Weapon
 94158 | Vaults:5 | Learned a level 5 spell: Phase Shift
 94160 | Vaults:5 | Got a slimy cloak
 94161 | Vaults:5 | Identified the +0 cloak "Huogaa" {*Confuse rElec Str+9} (You found it on level 5 of the Vaults)
 95219 | Slime:1  | Entered Level 1 of the Pits of Slime
 95702 | Slime:4  | Reached XP level 25. HP: 201/223 MP: 39/39
 96156 | Slime:6  | Entered Level 6 of the Pits of Slime
 96567 | Slime:6  | Noticed the royal jelly
 96592 | Slime:6  | Found a viscous altar of Jiyva.
 96775 | Slime:6  | Killed the royal jelly
 97090 | Slime:6  | Got a slimy rune of Zot
 97092 | Slime:6  | Got a scintillating ivory amulet
 97163 | Slime:6  | Identified the amulet of Jass {rMut -Tele rPois MR+ Slay+3} (You found it on level 6 of the Pits of Slime)
 97378 | Slime:3  | Gained mutation: You are weak. (Str -2) [a shining eye]
 97382 | Slime:2  | Gained mutation: You occasionally shout uncontrollably at your foes. [a shining eye]
 98441 | Zot:1    | Entered Level 1 of the Realm of Zot
 99202 | Zot:1    | Reached skill level 15 in Translocations
101504 | Zot:3    | Reached XP level 26. HP: 140/228 MP: 22/40
103206 | Zot:5    | Entered Level 5 of the Realm of Zot
104644 | Zot:5    | Noticed an ancient lich
104673 | Zot:5    | Noticed an orb of fire
104673 | Zot:5    | Noticed an orb of fire
104674 | Zot:5    | Noticed an ancient lich
104674 | Zot:5    | Noticed an orb of fire
104694 | Zot:5    | Killed an ancient lich
104725 | Zot:5    | an orb of fire (ally) was killed
104734 | Zot:5    | Killed an orb of fire
104765 | Zot:5    | Gained mutation: You are frail (-10% HP). [an orb of fire]
104777 | Zot:5    | Killed an orb of fire
104786 | Zot:5    | Noticed an orb of fire
104807 | Zot:5    | Reached skill level 15 in Spellcasting
104834 | Zot:5    | Killed an orb of fire
104853 | Zot:5    | Noticed an orb of fire
104868 | Zot:5    | Gained mutation: Your body sometimes deteriorates upon taking damage. [an orb of fire]
104869 | Zot:5    | Gained mutation: Your magical capacity is low (-10% MP). [an orb of fire]
104951 | Zot:5    | Lost mutation: Your magical capacity is low (-10% MP). [an orb of fire]
104953 | Zot:5    | Lost mutation: You are weak. (Str -2) [an orb of fire]
104960 | Zot:5    | Gained mutation: You are very frail (-20% HP). [an orb of fire]
104985 | Zot:5    | Killed an ancient lich
104991 | Zot:5    | Killed an orb of fire
105206 | Zot:5    | Noticed an orb of fire
105210 | Zot:5    | Gained mutation: You are extremely frail (-30% HP). [an orb of fire]
105233 | Zot:5    | Gained mutation: You are weak. (Str -2) [an orb of fire]
105250 | Zot:5    | Gained mutation: Potions and wands are less effective at restoring your health. [an orb of fire]
105261 | Zot:5    | Killed an orb of fire
105852 | Lair:1   | Lost mutation: You are extremely frail (-30% HP). [potion of cure mutation]
105852 | Lair:1   | Lost mutation: You are very frail (-20% HP). [potion of cure mutation]
105852 | Lair:1   | Lost mutation: You occasionally shout uncontrollably at your foes. [potion of cure mutation]
105852 | Lair:1   | Lost mutation: You are frail (-10% HP). [potion of cure mutation]
105852 | Lair:1   | Lost mutation: Your body sometimes deteriorates upon taking damage. [potion of cure mutation]
106427 | Zot:5    | Noticed an orb of fire
106434 | Zot:5    | Noticed an orb of fire
106481 | Zot:5    | Gained mutation: You tend to lose your temper in combat. [an orb of fire]
106492 | Zot:5    | Killed an orb of fire
106501 | Zot:5    | Killed an orb of fire
106610 | Zot:5    | Noticed an orb of fire
106611 | Zot:5    | Noticed an orb of fire
106907 | Zot:5    | Gained mutation: You occasionally shout uncontrollably at your foes. [an orb of fire]
106942 | Zot:5    | Killed an orb of fire
106942 | Zot:5    | Reached XP level 27. HP: 173/234 MP: 34/42
107256 | Zot:5    | Gained mutation: You expend magic power (3 MP) to strengthen your wands. [an orb of fire]
107268 | Zot:5    | Killed an orb of fire
107645 | Zot:5    | Got the Orb of Zot
107878 | Depths:5 | Noticed a seraph
108177 | D:5      | Noticed Asch the pandemonium lord
108330 | D:$      | Escaped with the Orb!

Action                   |  1- 3 |  4- 6 |  7- 9 | 10-12 | 13-15 | 16-18 | 19-21 | 22-24 | 25-27 || total
-------------------------+-------+-------+-------+-------+-------+-------+-------+-------+-------++-------
Melee: Short sword       |    60 |       |       |   790 |  2978 |       |       |       |       ||  3828
       Dagger            |    55 |   143 |   574 |   511 |       |       |       |       |       ||  1283
       Quick blade       |       |       |       |       |   535 |  4120 |  3030 |  2895 |  2224 || 12804
       Falchion          |       |       |       |       |    77 |       |       |       |       ||    77
 Fire: Blowgun           |       |     7 |       |    13 |       |    14 |     6 |       |       ||    40
Throw: Throwing net      |       |       |       |       |       |       |       |     1 |       ||     1
 Cast: Haste             |       |       |       |       |       |       |       |    12 |    18 ||    30
       Regeneration      |       |       |       |       |       |       |       |     1 |     4 ||     5
       Deflect Missiles  |       |       |       |       |       |       |       |     1 |     3 ||     4
       Warp Weapon       |       |       |       |       |       |       |       |       |     9 ||     9
Invok: Call Merchant     |       |       |       |     3 |     3 |     2 |     4 |     1 |     2 ||    15
       Potion Petition   |       |       |       |       |       |     2 |       |       |       ||     2
       Bribe Branch      |       |       |       |       |       |       |       |     1 |     1 ||     2
 Abil: Breathe Fire      |       |       |     8 |    19 |    46 |    38 |    13 |     9 |     3 ||   136
       Evoke Flight      |       |       |       |     3 |       |     1 |       |     2 |       ||     6
       Stop Flying       |       |       |       |       |       |       |       |     2 |       ||     2
       Evoke Invisibilit |       |       |       |       |       |       |       |     1 |       ||     1
Evoke: Wand              |       |       |       |       |     6 |     2 |     7 |     5 |    14 ||    34
       Rod               |       |       |       |       |     1 |       |       |     4 |       ||     5
       Phial of floods   |       |       |       |       |       |       |       |     1 |       ||     1
       Lamp of fire      |       |       |       |       |       |       |       |     1 |       ||     1
       Deck              |       |       |       |       |       |       |       |     3 |       ||     3
  Use: Potion            |       |     3 |       |     4 |     4 |     4 |     7 |     4 |     3 ||    29
       Scroll            |       |     1 |    17 |    10 |    15 |    13 |    21 |    18 |     8 ||   103
 Stab: Sleeping          |     5 |     2 |    15 |    51 |    60 |    46 |    67 |    53 |    45 ||   344
       Distracted        |       |       |     2 |    16 |    27 |    47 |    29 |    34 |    21 ||   176
       Invisible         |       |       |       |     3 |       |       |       |     2 |       ||     5
       Held in net/web   |       |       |       |       |     1 |       |       |       |       ||     1
       Confused          |       |       |       |       |       |     2 |       |       |       ||     2
  Eat: Chunk             |     1 |     3 |     5 |       |       |       |       |       |       ||     9
       Royal jelly       |       |     1 |       |     5 |     9 |     1 |     3 |       |       ||    19
       Meat ration       |       |       |     2 |       |     2 |     9 |     8 |    10 |     8 ||    39
       Fruit             |       |       |     7 |    14 |    25 |     6 |     6 |     8 |     2 ||    68
       Pizza             |       |       |     1 |     4 |       |     7 |     3 |     1 |     1 ||    17
       Beef jerky        |       |       |     1 |     7 |     7 |     4 |     1 |     2 |     1 ||    23
       Bread ration      |       |       |       |     1 |     5 |     1 |       |       |     7 ||    14
